 Dungeon Crawl Stone Soup version 0.25.1-2-g60ff931df9 (webtiles) character file.

Game seed: 14054448553603871876

399 Cazemata the Carver (level 6, -1/51 HPs)
             Began as a Minotaur Berserker on Oct 27, 2020.
             Was a Priest of Trog.
             Slain by a worker ant (7 damage)
             ... on level 4 of the Dungeon.
             The game lasted 00:17:19 (1905 turns).

Cazemata the Carver (Minotaur Berserker)            Turns: 1905, Time: 00:17:19

Health: -1/51      AC:  4    Str: 23    XL:     6   Next: 53%
Magic:  5/5        EV: 12    Int:  4    God:    Trog [***...]
Gold:   138        SH:  5    Dex: 10    Spells: 5/5 levels left

rFire    . . .     SeeInvis .   n - +2 scythe (protect)
rCold    . . .     Gourm    .   (shield currently unavailable)
rNeg     . . .     Faith    .   b - +0 animal skin
rPois    .         Spirit   .   (helmet restricted)
rElec    .         Reflect  +   g - +1 cloak
rCorr    .         Harm     .   (no gloves)
MR       .....                  (no boots)
Stlth    +.........             i - amulet of reflection
HPRegen  0.17/turn              (no ring)
MPRegen  0.09/turn              (no ring)

@: lethally poisoned (-1 -> -13), berserk cooldown, slowed, very slow
A: retaliatory headbutt, horns 2
a: Berserk, Trog's Hand, Renounce Religion


You were on level 4 of the Dungeon.
You worshipped Trog.
Trog was most pleased with you.
You were near starving.

You visited 1 branch of the dungeon, and saw 4 of its levels.

You collected 138 gold pieces.

Inventory:

Hand Weapons
 a - a +0 falchion
 n - a +2 scythe of protection (weapon)
 p - a cursed +0 spear
Armour
 b - a +0 animal skin (worn)
 g - a +1 cloak (worn)
 m - a +0 chain mail
Jewellery
 i - an amulet of reflection (around neck)
Scrolls
 e - a scroll of teleportation {unknown}
 f - a scroll of fog
Potions
 d - 4 potions of curing {unknown}
 h - a potion of cancellation {unknown}
 j - a potion of might {unknown}
 l - 3 potions of mutation {unknown}
Comestibles
 c - 7 rations


   Skills:
 - Level 3.6 Fighting
 + Level 8.1 Long Blades
 + Level 3.4 Polearms
 - Level 2.4 Armour
 - Level 2.1 Dodging


You had 5 spell levels left.
You didn't know any spells.
Your spell library was empty.

Dungeon Overview and Level Annotations

Branches:
Dungeon (4/15)             Temple (0/1) D:4

Altars:
Dithmenos
Uskayaw


Innate Abilities, Weirdness & Mutations

You reflexively headbutt those who attack you in melee.
You have a pair of horns on your head.


Message History

The worker ant twitches its antennae in your direction.
You closely miss the worker ant. Your headbutt misses the worker ant.
The worker ant bites you but does no damage.
The worker ant bites you.
You are poisoned.
The worker ant poisons you! The worker ant bites you.
You are more poisoned.
The worker ant poisons you!
You feel sick. The worker ant bites you.
You are more poisoned.
The worker ant poisons you!
You barely miss the worker ant. You headbutt the worker ant.
The worker ant is lightly wounded.
* * * LOW HITPOINT WARNING * * *
You feel very sick. The worker ant closely misses you. You furiously retaliate!
You headbutt the worker ant. The worker ant bites you!
* * * LOW HITPOINT WARNING * * *
The worker ant bites you!
You die...

..##..#..........
..##. #.###[..$.#
.....##.........#
>...............#
.....+.†........ .
..## #.......### ..
..# #..)....####...
.....#..)...........
.......$).†.@.......
#........#..a.......
.........##.........
..............$.....
......<.............
o#######............
#....!....(..
#............
#...........#


You could see a worker ant.

Vanquished Creatures
  Sigmund (D:2)
  A bullfrog zombie (D:3)
  An orc wizard (D:4)
  A hound (D:4)
  2 gnolls
  3 adders (D:3)
  A shadow imp (D:3)
  2 oozes
  2 worms
  A dart slug (D:2)
  3 leopard geckos
  12 orcs
  A ball python (D:3)
  7 bats
  4 giant cockroaches
  6 goblins
  4 hobgoblins
  5 jackals
  5 kobolds
  3 quokkas
  A frilled lizard (D:4)
  8 rats
74 creatures vanquished.

Notes
Turn   | Place    | Note
-------+----------+-------------------------------------------
     0 | D:1      | Cazemata the Minotaur Berserker began the quest for the
                  | Orb.
     0 | D:1      | Reached XP level 1. HP: 19/19 MP: 0/0
     6 | D:1      | Noticed a wolf
     6 | D:1      | Noticed an anaconda
     6 | D:1      | Noticed a six-headed hydra
   105 | D:1      | Reached skill level 4 in Long Blades
   258 | D:1      | Reached XP level 2. HP: 22/26 MP: 1/1
   410 | D:1      | Reached skill level 5 in Long Blades
   427 | D:1      | Reached XP level 3. HP: 28/31 MP: 2/2
   596 | D:2      | Found a hide-covered altar of Uskayaw.
   895 | D:2      | Reached ** piety under Trog
  1019 | D:2      | Noticed Sigmund
  1024 | D:2      | Killed Sigmund
  1024 | D:2      | Reached skill level 7 in Long Blades
  1024 | D:2      | Reached XP level 4. HP: 39/39 MP: 3/3
  1024 | D:2      | Reached XP level 5. HP: 45/45 MP: 4/4
  1203 | D:2      | Found a shadowy altar of Dithmenos.
  1447 | D:3      | Reached skill level 1 in Polearms
  1638 | D:3      | Reached XP level 6. HP: 51/51 MP: 5/5
  1672 | D:3      | Reached skill level 8 in Long Blades
  1718 | D:3      | Reached *** piety under Trog
  1865 | D:4      | Found a staircase to the Ecumenical Temple.
  1905 | D:4      | Slain by a worker ant

Illustrated notes

Levels and vault maps discovered:
D:1:      onia_arrival_zoo_common, layout_loops_cross,
          hangedman_decor_clover_reticule
D:2:      layout_loops_ring, grunt_temple_overflow_opulence,
          eat_drink_and_be_merry_uskayaw, nicolae_overflow_hidden_temple,
          kennysheep_boxes, uniq_sigmund
D:3:      minmay_wonky_spiral, layout_rooms, first_ration
D:4:      layout_basic, kennysheep_slug_shrine, lemuel_round_altar,
          minmay_temple_entry_stoned_glass, minmay_quantized

Skill      XL: |  1  2  3  4  5  6 |
---------------+-------------------+-----
Long Blades    | 4 5 7 8 |  8.1
Polearms       | 1 3 |  3.4
Fighting       | |  3.6
Armour         | |  2.4
Dodging        | |  2.1

Action                   |  1- 3 |  4- 6 || total
-------------------------+-------+-------++-------
Melee: Falchion          |    51 |       ||    51
       Headbutt          |     5 |    14 ||    19
       Scythe            |       |    93 ||    93
Invok: Berserk           |     1 |     1 ||     2
  Use: Scroll            |     3 |     4 ||     7
  Eat: Ration            |       |     1 ||     1
Armor: Animal skin       |    17 |    39 ||    56
Dodge: Dodged            |    29 |    70 ||    99
Block: Other             |     2 |    34 ||    36
       Rpst.: Falchion   |    10 |       ||    10
